 Dungeon Sprint DCSS version 0.30.0-29-ga12c61a403 (webtiles) character file.

Game seed: 5023159594577675756

12482 boopmooplesden the Warrior (level 11, -14/149 HPs)
             Began as an Ogre Gladiator on June 21, 2023.
             Was the Champion of Trog.
             Demolished by a sun demon (19 damage)
             ... summoned by an orc high priest
             ... in the Dungeon (Sprint IX: "|||||||||||||||||||||||||||||").
             The game lasted 00:05:06 (2320 turns).

boopmooplesden the Warrior (Ogre Gladiator)         Turns: 2320, Time: 00:05:07

Health: -14/149    AC:  5    Str: 24    XL:     11   Next: 94%
Magic:  11/11      EV: 16    Int:  9    God:    Trog [******]
Gold:   1219       SH:  0    Dex: 15    Spells: 10/10 levels left

rFire   . . .        w - +6 quarterstaff of Rachuum {flame, rElec Will+ Dex+2}
rCold   . . .        (shield currently unavailable)
rNeg    . . .        j - +2 troll leather armour
rPois   .            c - +0 hat
rElec   +            n - +0 cloak
rCorr   .            (gloves unavailable)
SInv    .            (boots unavailable)
Will    ++...        (no amulet)
Stlth   +++          p - +3 ring of dexterity
HPRegen 1.24/turn    o - +2 ring of evasion
MPRegen 0.12/turn

%: no teleportation
@: corroded, on berserk cooldown, slowed, very slow
A: large, unfitting armour, tough skin 1
a: Renounce Religion, Berserk, Trog's Hand, Brothers in Arms


You were in the Dungeon.
You worshipped Trog.
Trog was exalted by your worship.
You visited 1 branch You collected 1219 gold pieces.

Inventory:

Hand Weapons
 a - a +0 quarterstaff
 m - a +4 quarterstaff of speed
 s - a +7 antimagic quarterstaff
 v - a +4 lajatang
 w - the +6 quarterstaff of Rachuum (weapon) {flame, rElec Will+ Dex+2}
   (Trog gifted it to you in the Dungeon)

   Dex:       It affects your dexterity (+2).
   rElec:     It insulates you from electricity.
   Will:      It increases your willpower.
Missiles
 d - 2 throwing nets (quivered)
 e - a large rock
Armour
 b - a +0 robe
 c - a +0 hat (worn)
 j - a +2 troll leather armour (worn)
 n - a +0 cloak (worn)
Jewellery
 o - a +2 ring of evasion (right hand)
 p - a +3 ring of dexterity (left hand)
Wands
 l - a wand of roots (10)
 u - a wand of charming (5)
Scrolls
 k - a scroll of blinking
 r - 2 scrolls of identify
 t - a scroll of fear
Potions
 f - 6 potions of curing
 g - a potion of invisibility
 h - a potion of heal wounds
 i - 4 potions of magic
 q - a potion of haste


   Skills:
 + Level 20.8 Fighting
 + Level 19.3 Staves
 + Level 6.1 Throwing
 + Level 5.6 Armour
 + Level 10.6 Dodging
 + Level 4.5 Stealth


You had 10 spell levels left.
You didn't know any spells.
Your spell library was empty.

Dungeon Overview and Level Annotations

Branches:
Dungeon (1/1)

Altars:
Cheibriados
Dithmenos
Elyvilon
Fedhas
Gozag
Hepliaklqana
Kikubaaqudgha
Makhleb
Nemelex Xobeh
Okawaru
Qazlal
Ru
Sif Muna
Trog
Uskayaw
Vehumet
Wu Jian
Xom
Yredelemnul
Zin
The Shining One
Jiyva
Lugonu

Shops:
D **(*


Innate Abilities, Weirdness & Mutations

You are too large for most types of armour.
You have tough skin. (AC +1)


Message History

You barely miss the rust devil. The rust devil hits you.
The rust devil corrodes you!
You hit the rust devil but do no damage.
The rust devil barely misses you.
You thump the rust devil!
The rust devil is lightly wounded.
The rust devil closely misses you.
You sock the rust devil!
The rust devil is moderately wounded.
The rust devil closely misses you.
You thump the rust devil!
The rust devil is severely wounded.
The rust devil hits you. The rust devil corrodes you!
You bludgeon the rust devil!!
You kill the rust devil!
The rust devil disappears in a puff of smoke!
The orc high priest utters an invocation to Beogh.
You hit the sun demon but do no damage. The sun demon hits you!!
You are engulfed in flames!!
You sock the sun demon!
The sun demon is moderately wounded.
The sun demon hits you!!
You are engulfed in flames!
You hit the sun demon but do no damage.
The sun demon is moderately wounded.
The sun demon hits you!!
* * * LOW HITPOINT WARNING * * *
You are engulfed in flames!
* * * LOW HITPOINT WARNING * * *
You thump the sun demon!
The sun demon is heavily wounded.
The sun demon barely misses you. The smoke demon gestures at you.
Beogh smites you!
* * * LOW HITPOINT WARNING * * *
You feel much better. The sun demon hits you!
* * * LOW HITPOINT WARNING * * *
You are engulfed in flames!
* * * LOW HITPOINT WARNING * * *
The sun demon hits you!!
You die...

▓_▓.▓.▓.▓.▓
▓_▓.▓.▓.▓.▓
▓_▓.▓.▓.▓.▓
▓_▓.▓.▓.▓'▓
▓'▓.▓'▓.▓)▓
▓.▓.▓†▓.▓)▓
▓?▓.▓.▓.▓)▓
▓)▓.▓†▓.▓)▓
▓.▓.▓.▓.▓@▓
▓.▓.▓.▓.▓3▓
▓[▓.▓†▓.▓o▓
▓[▓.▓.▓.▓3▓
▓.▓.▓.▓.▓3▓
▓.▓.▓?▓.▓∩▓
▓'▓.▓)▓.▓.▓
▓.▓.▓.▓.▓∩▓
▓)▓.▓(▓.▓


You could see an orc high priest (strong), a sun demon (summoned), a sixfirhy
(summoned) and a smoke demon (summoned).

Vanquished Creatures
  2 hydras (D)
  Erolcha (D)
  A centaur warrior (D)
  An orc high priest (D)
  4 orc knights (D)
  An oklob plant (D)
  An elephant (D)
  2 black mambas (D)
  2 cane toads (D)
  3 rime drakes (D)
  A komodo dragon (D)
  An unseen horror (D)
  6 polar bears (D)
  2 trolls (D)
  2 slime creatures (D)
  A yak (D)
  A vampire mosquito (D)
  2 steam dragons (D)
  An acid dragon (D)
  A water moccasin (D)
  8 orc warriors (D)
  4 black bears (D)
  A phantom (D)
  A gnoll sergeant (D)
  3 bullfrogs (D)
  A hound (D)
  2 orc priests (D)
  An iguana (D)
  7 orc wizards (D)
  A worm (D)
  11 orcs (D)
  A goblin (D)
  2 hobgoblins (D)
  2 kobolds (D)
81 creatures vanquished.

Notes
Turn   | Place    | Note
-------+----------+-------------------------------------------
     0 | D        | boopmooplesden the Ogre Gladiator began the quest for the
                  | Orb.
     0 | D        | Reached XP level 1. HP: 22/22 MP: 1/1
    13 | D        | Reached skill level 3 in Fighting
   290 | D        | Noticed a hound
   290 | D        | Noticed an iguana
   290 | D        | Noticed an orc wizard
   290 | D        | Noticed a phantom
   296 | D        | Killed a hound
   297 | D        | Reached skill level 5 in Staves
   297 | D        | Reached XP level 2. HP: 31/32 MP: 2/2
   297 | D        | Reached XP level 3. HP: 38/39 MP: 3/3
   306 | D        | Reached skill level 4 in Fighting
   306 | D        | Reached XP level 4. HP: 20/49 MP: 4/4
   322 | D        | Reached skill level 5 in Dodging
   322 | D        | HP: 2/49 [phantom (6)]
   332 | D        | Killed a phantom
   333 | D        | Reached skill level 6 in Fighting
   333 | D        | Reached XP level 5. HP: 15/59 MP: 5/5
   496 | D        | Found a snail-covered altar of Cheibriados.
   496 | D        | Found a shadowy altar of Dithmenos.
   496 | D        | Found a white marble altar of Elyvilon.
   496 | D        | Found a blossoming altar of Fedhas.
   496 | D        | Found an opulent altar of Gozag.
   497 | D        | Found a hazy altar of Hepliaklqana.
   498 | D        | Found a viscous altar of Jiyva.
   499 | D        | Found an ancient bone altar of Kikubaaqudgha.
   500 | D        | Found a corrupted altar of Lugonu.
   501 | D        | Found a burning altar of Makhleb.
   502 | D        | Found a sparkling altar of Nemelex Xobeh.
   503 | D        | Found an iron altar of Okawaru.
   504 | D        | Found a stormy altar of Qazlal.
   505 | D        | Found a sacrificial altar of Ru.
   506 | D        | Found a shimmering blue altar of Sif Muna.
   507 | D        | Found a bloodstained altar of Trog.
   508 | D        | Found a hide-covered altar of Uskayaw.
   509 | D        | Found a radiant altar of Vehumet.
   510 | D        | Found an ornate altar of the Wu Jian Council.
   511 | D        | Found a shimmering altar of Xom.
   512 | D        | Found a basalt altar of Yredelemnul.
   513 | D        | Found a glowing silver altar of Zin.
   514 | D        | Found a glowing golden altar of the Shining One.
   515 | D        | Became a worshipper of Trog the Wrathful
   523 | D        | Found the +11 Singing Sword {sonic wave}
   523 | D        | Found the +5 glaive of the Guard {elec, spectral, AC+5}
   551 | D        | Noticed a steam dragon
   551 | D        | Noticed a vampire mosquito
   551 | D        | Noticed a yak
   551 | D        | Noticed a steam dragon
   551 | D        | Noticed an acid dragon
   560 | D        | Killed a steam dragon
   561 | D        | Reached skill level 7 in Fighting
   561 | D        | Reached skill level 1 in Stealth
   561 | D        | Reached XP level 6. HP: 71/71 MP: 6/6
   562 | D        | Killed a vampire mosquito
   563 | D        | Reached skill level 8 in Fighting
   563 | D        | Reached skill level 10 in Staves
   567 | D        | Killed a yak
   567 | D        | Reached * piety under Trog
   568 | D        | Reached skill level 9 in Fighting
   568 | D        | Reached XP level 7. HP: 74/83 MP: 7/7
   575 | D        | Reached skill level 10 in Fighting
   580 | D        | Killed a steam dragon
   580 | D        | Reached ** piety under Trog
   581 | D        | Reached XP level 8. HP: 12/94 MP: 8/8
   908 | D        | Noticed a slime creature
   908 | D        | Noticed a centaur warrior
   908 | D        | Noticed a troll
   908 | D        | Noticed a troll
   908 | D        | Noticed a slime creature
   914 | D        | Killed a slime creature
   915 | D        | Reached skill level 5 in Throwing
   921 | D        | Killed a centaur warrior
   922 | D        | Reached skill level 12 in Fighting
   924 | D        | Killed a troll
   925 | D        | Reached XP level 9. HP: 109/109 MP: 9/9
   928 | D        | Killed an unseen horror
   928 | D        | Reached *** piety under Trog
   929 | D        | Reached skill level 13 in Fighting
   932 | D        | Killed a troll
   933 | D        | Reached skill level 15 in Staves
  1378 | D        | Noticed a cane toad
  1378 | D        | Noticed a black mamba
  1378 | D        | Noticed a rime drake
  1383 | D        | Killed a cane toad
  1383 | D        | Reached **** piety under Trog
  1384 | D        | Reached skill level 14 in Fighting
  1384 | D        | Noticed a five-headed hydra
  1387 | D        | Killed a black mamba
  1393 | D        | Killed a rime drake
  1394 | D        | Reached XP level 10. HP: 71/123 MP: 10/10
  1398 | D        | Reached skill level 15 in Fighting
  1405 | D        | Killed a five-headed hydra
  1413 | D        | Reached ***** piety under Trog
  1414 | D        | Reached skill level 1 in Armour
  1480 | D        | Noticed a cane toad
  1480 | D        | Noticed an elephant
  1480 | D        | Noticed an oklob plant
  1480 | D        | Noticed a four-headed hydra
  1483 | D        | Killed a cane toad
  1484 | D        | Reached skill level 16 in Fighting
  1484 | D        | Noticed a black mamba
  1494 | D        | Killed an elephant
  1494 | D        | Received a gift from Trog
  1508 | D        | Killed an oklob plant
  1509 | D        | Reached skill level 17 in Fighting
  1540 | D        | Killed a four-headed hydra
  1554 | D        | Reached XP level 11. HP: 59/140 MP: 11/11
  1557 | D        | Reached skill level 18 in Fighting
  1772 | D        | Received a gift from Trog
  1795 | D        | Reached skill level 19 in Fighting
  1908 | D        | Noticed Erolcha
  1918 | D        | Killed Erolcha
  1919 | D        | Reached skill level 10 in Dodging
  1950 | D        | Noticed an orc knight
  1956 | D        | Reached ****** piety under Trog
  1962 | D        | Killed an orc knight
  1962 | D        | Received a gift from Trog
  2002 | D        | Received a gift from Trog
  2154 | D        | Noticed an orc knight
  2154 | D        | Noticed an orc knight
  2165 | D        | Killed an orc knight
  2166 | D        | Reached skill level 5 in Armour
  2167 | D        | Reached skill level 20 in Fighting
  2174 | D        | Killed an orc knight
  2202 | D        | Identified the +6 quarterstaff of Rachuum {flame, rElec
                  | Will+ Dex+2} (Trog gifted it to you in the Dungeon)
  2202 | D        | Received a gift from Trog
  2281 | D        | Found Itrash's Assorted Antiques.
  2281 | D        | Noticed an orc high priest
  2281 | D        | Noticed an orc knight
  2290 | D        | Killed an orc high priest
  2291 | D        | Found Darak's Assorted Antiques.
  2294 | D        | Noticed an orc high priest
  2297 | D        | Killed an orc knight
  2300 | D        | Found Wisibayts's Weapon Emporium.
  2305 | D        | Found Diluosui's General Store.
  2308 | D        | Received a gift from Trog
  2309 | D        | Noticed a sixfirhy
  2316 | D        | Noticed a sun demon
  2320 | D        | HP: 5/149 [sun demon[an orc high priest] (17)]
  2320 | D        | Demolished by a sun demon

Illustrated notes

Levels and vault maps discovered:
D:        linesprint [early_d, line_temple, items_1, d_10, items_2, lair_1,
          lair_end, items_3, orc_1, orc_end, items_4, d_15, swamp_1, shoals_1,
          snake_1, spider_1, d_20, vaults_1, items_5, swamp_end, shoals_end,
          snake_end, spider_end, vaults_end, d_27, items_6, zot_1, zot_end,
          crypt_end, forest_end, elf_end, slime_end, tomb_end, abyss_end,
          pan_hell_end]

Skill      XL: |  1  2  3  4  5  6  7  8  9 10 11 |
---------------+----------------------------------+-----
Dodging        | 4 5 6 7 8 9 10 | 10.6
Fighting       | 3 4 6 7 9 10 12 14 17 20 | 20.8
Staves         | 5 7 9 11 12 14 16 17 19 | 19.3
Throwing       | 3 4 5 6 |  6.1
Stealth        | 1 2 3 4 |  4.5
Armour         | 2 5 |  5.6

Action                     |  1- 3 |  4- 6 |  7- 9 | 10-12 || total
---------------------------+-------+-------+-------+-------++-------
  Melee: Quarterstaff      |    28 |    34 |    53 |   198 ||   313
         Lajatang          |       |       |       |    49 ||    49
  Throw: Throwing net      |       |     3 |       |     2 ||     5
 Invoke: Berserk           |       |       |     1 |     5 ||     6
         Trog's Hand       |       |       |       |     2 ||     2
         Brothers in Arms  |       |       |       |     1 ||     1
    Use: Potion            |       |     3 |       |     3 ||     6
         Scroll            |       |       |       |     5 ||     5
   Stab: Held in net/web   |       |     1 |       |       ||     1
 Armour: Robe              |     2 |     2 |     3 |       ||     7
         Troll leather arm |       |       |       |    31 ||    31
  Dodge: Dodged            |    16 |     7 |    12 |    90 ||   125
